 Dungeon Crawl Stone Soup version 0.29-a0-998-g1987434951 (webtiles) character file.

Game seed: 338759021958069961

3714 drugrobin the Cleaver (level 9, -1/65 (70) HPs)
             Began as a Demigod Fighter on Aug 6, 2022.
             Killed from afar by a steam dragon (21 damage)
             ... with a ball of steam
             ... on level 8 of the Dungeon.
             The game lasted 00:20:14 (8984 turns).

drugrobin the Cleaver (Demigod Fighter)             Turns: 8984, Time: 00:20:15

HP:   -1/65 (70)    AC: 13    Str: 29    XL:     9   Next: 60%
MP:   0/11          EV:  8    Int: 10    God:
Gold: 121           SH:  4    Dex: 13    Spells: 8/8 levels left

rFire   . . .      SeeInvis .   a - +0 war axe
rCold   . . .      Faith    .   c - +0 buckler
rNeg    + . .      Spirit   +   I - +0 chain mail
rPois   .          Reflect  .   l - +0 helmet
rElec   .          Harm     .   q - +0 cloak
rCorr   .          Rampage  .   m - +1 pair of gloves
Will    .....                   (no boots)
Stlth   ..........              v - amulet of guardian spirit
HPRegen 0.20/turn               j - ring of positive energy
MPRegen 0.12/turn               J - ring of wizardry

@: drained
A: high MP 1, forlorn, divine attributes
a: no special abilities


You were on level 8 of the Dungeon.
You visited 1 branch of the dungeon, and saw 8 of its levels.
You also visited: Sewer and Ossuary.

You collected 350 gold pieces.
You spent 229 gold pieces at shops.

Inventory:

Hand Weapons
 a - a +0 war axe (weapon)
 b - a +0 sling
 B - a +2 whip of flaming
Missiles
 C - 9 poisoned darts
 H - 4 boomerangs (quivered)
Armour
 c - a +0 buckler (worn)
 l - a +0 helmet (worn)
 m - a +1 pair of gloves (worn)
 o - a +2 robe of cold resistance
 q - a +0 cloak (worn)
 I - a +0 chain mail (worn)
Jewellery
 j - a ring of positive energy (left hand)
 v - an amulet of guardian spirit (around neck)
 J - a ring of wizardry (right hand)
 M - an amulet of regeneration
 P - a ring of wizardry
Wands
 x - a wand of digging (6)
 N - a wand of paralysis (9)
Scrolls
 e - a scroll of brand weapon {unknown}
 f - 10 scrolls of identify {unknown}
 g - a scroll of poison {unknown}
 h - 2 scrolls of immolation {unknown}
 i - 2 scrolls of blinking {unknown}
 n - 2 scrolls of vulnerability {unknown}
 p - a scroll of fear {unknown}
 y - 3 scrolls of teleportation
 z - a scroll of enchant weapon {unknown}
 D - a scroll of amnesia {unknown}
 E - a scroll of fog {unknown}
 K - a scroll of enchant armour {unknown}
 L - a scroll of magic mapping {unknown}
Potions
 d - 2 potions of might
 k - 7 potions of curing
 r - 2 potions of magic {unknown}
 s - a potion of heal wounds {unknown}
 t - 4 potions of flight
 u - 3 potions of mutation {unknown}
 w - a potion of ambrosia
 A - a potion of brilliance {unknown}
 F - a potion of degeneration {unknown}
 G - 2 potions of attraction {unknown}
 O - a potion of lignification {unknown}


   Skills:
 + Level 3.5 Fighting
 + Level 12.7 Axes
 - Level 2.6 Armour
 - Level 2.6 Shields
 + Level 2.0 Evocations


You had 8 spell levels left.
You didn't know any spells.
Your spell library contained the following spells:

 Spells                   Type           Power      Damage    Failure   Level
 Shock                    Conj/Air       0%         1d3       69%         1
 Swiftness                Air            0%         N/A       96%         3
 Airstrike                Air            0%         2d(0-16)  100%        4
 Fulminant Prism          Conj/Hex       0%         3d6       100%        4
 Iskenderun's Mystic Bla  Conj/Tloc      0%         2d3       100%        4
 Lee's Rapid Deconstruct  Erth           0%         3d5*      100%        5


Dungeon Overview and Level Annotations

Branches:
Dungeon (8/15)             Temple (0/1) D:5           Sewer (visited)
Ossuary (visited)
   Lair: D:8-11

Shops:
D:6 *?

Annotations:
D:3 1 runed translucent door, Crazy Yiuf, Ijyb
D:8 3 runed translucent doors


Innate Abilities, Weirdness & Mutations

You have an increased reservoir of magic. (+10% MP)
You shall have no god before yourself.
Your divine heritage dramatically boosts your attributes as you level up.


Message History

You feel better.
Unknown command.
Unknown command.
Unknown command.
Unknown command.
Unknown command.
Unknown command.
You slash the steam dragon!
The steam dragon is heavily wounded.
The steam dragon bites you.
The steam dragon claws you but does no damage.
The wight is engulfed in a cloud of scalding steam.
The wight barely misses you.
Unknown command.
Unknown command.
Unknown command.
Unknown command.
Unknown command.
You closely miss the steam dragon.
The steam dragon is heavily wounded.
The wight is engulfed in a cloud of scalding steam.
You block the wight's attack. The steam dragon bites you.
* * * LOW HITPOINT WARNING * * *
The steam dragon barely misses you.
Unknown command.
Unknown command.
Unknown command.
Unknown command.
Unknown command.
Unknown command.
Unknown command.
Unknown command.
Unknown command.
Okay, then.
Unknown command.
You hit the steam dragon but do no damage.
The steam dragon is heavily wounded.
The steam dragon breathes steam at you. The ball of steam hits you!!
You die...

.≈.....≈.# .≈.≈≈≈.≈.#.#
.≈≈...≈≈.#.# .≈≈._.≈≈.#.#
.≈≈...≈≈.#.### ## #......
.≈.≈≈≈.§.#...#... ........
.≈.....≈§#..... .
#.......#..≈≈≈≈≈@D#..# .##
# #......#########zz.##...#
##.......#.........K.......
......<.#..................
...............(.........##
.(....#................#..#
......###...#..............
.......#..#........###.....
.......)..#.....K### .....


You could see a steam dragon (catching breath), 2 wights and a kobold.

Vanquished Creatures
  Pikel (D:4)
  A troll (D:6)
  A steam dragon (D:7)
  A water moccasin (D:5)
  An ice beast (D:8)
  A black bear (D:6)
  A sky beast (D:6)
  An ogre (D:6)
  A lemure (D:4)
  A phantom (D:4)
  2 kobold brigands
  A necrophage (D:4)
  3 bullfrogs
  5 scorpions
  A water moccasin zombie (Ossuary)
  7 wights
  A vampire bat (D:4)
  4 howler monkeys (D:8)
  4 hounds
  3 jellies
  3 orc priests
  Jessica (D:2)
  Natasha (D:2)
  2 gnoll boudas
  3 iguanas
  7 orc wizards
  2 mummies (Ossuary)
  Robin (D:1)
  8 gnolls
  4 adders
  A shadow imp (D:7)
  3 white imps
  An ufetubus (D:6)
  8 adder zombies (Ossuary)
  4 dart slugs
  3 fire bats (D:4)
  25 orcs
  2 spectral bats (D:4)
  5 ball pythons
  3 bat skeletons (D:4)
  A bat zombie (D:4)
  5 endoplasms
  4 giant cockroaches
  4 gnoll zombies (Ossuary)
  12 goblins
  10 hobgoblins
  5 quokkas
  13 bats
  A bat simulacrum (D:4)
  2 frilled lizards
  4 hobgoblin zombies (Ossuary)
  10 kobolds
  5 kobold zombies (Ossuary)
  3 orc zombies (Ossuary)
  17 rats
224 creatures vanquished.

Vanquished Creatures (others)
  A plant (D:1)
1 creature vanquished.

Grand Total: 225 creatures vanquished

Notes
Turn   | Place    | Note
-------+----------+-------------------------------------------
     0 | D:1      | drugrobin the Demigod Fighter began the quest for the Orb.
     0 | D:1      | Reached XP level 1. HP: 18/18 MP: 3/3
    55 | D:1      | Reached skill level 2 in Axes
   341 | D:1      | Reached XP level 2. HP: 25/25 MP: 4/4
   775 | D:2      | Reached skill level 3 in Axes
  1029 | D:2      | Reached XP level 3. HP: 16/30 MP: 5/5
  1262 | D:2      | Noticed Robin
  1393 | D:1      | Killed Robin
  1753 | D:2      | Reached skill level 4 in Axes
  1853 | D:2      | Noticed Jessica
  1859 | D:2      | Killed Jessica
  1860 | D:2      | Reached XP level 4. HP: 37/37 MP: 6/6
  1936 | D:2      | Noticed Natasha
  1954 | D:2      | Killed Natasha
  2839 | D:3      | Found a runed translucent door.
  2840 | D:3      | Noticed Crazy Yiuf
  2840 | D:3      | Noticed Ijyb
  2977 | D:4      | Reached skill level 5 in Axes
  2994 | D:4      | Reached XP level 5. HP: 42/42 MP: 7/7
  3079 | D:4      | Found a sand-covered staircase.
  3117 | Ossuary  | Entered an ossuary
  3197 | Ossuary  | Reached skill level 6 in Axes
  3217 | Ossuary  | Reached XP level 6. HP: 27/50 MP: 8/8
  3387 | D:4      | Found a glowing drain.
  3398 | Sewer    | Entered a sewer
  3652 | D:4      | Noticed Pikel
  3655 | D:4      | Reached skill level 7 in Axes
  3688 | D:4      | Killed Pikel
  3689 | D:4      | Reached skill level 8 in Axes
  3689 | D:4      | Reached XP level 7. HP: 18/56 MP: 9/9
  4071 | D:4      | Reached skill level 9 in Axes
  4655 | D:4      | Reached XP level 8. HP: 62/62 MP: 10/10
  4763 | D:5      | Entered Level 5 of the Dungeon
  5282 | D:5      | Found a staircase to the Ecumenical Temple.
  5435 | D:5      | Reached skill level 10 in Axes
  6634 | D:6      | Found Toal's Assorted Antiques.
  6634 | D:6      | Noticed a troll
  6768 | D:6      | Reached skill level 11 in Axes
  6789 | D:6      | Bought a fuming purple potion for 19 gold pieces
  6789 | D:6      | Bought a scroll labelled XIAMNO HUIFATS for 22 gold pieces
  6789 | D:6      | Bought an iron ring for 110 gold pieces
  6789 | D:6      | Bought a scroll labelled HENTUGUMEGH for 22 gold pieces
  7130 | D:6      | Found Woanezistre's Magic Scroll Shoppe.
  7140 | D:6      | Bought a scroll of noise for 14 gold pieces
  7140 | D:6      | Bought a scroll of teleportation for 42 gold pieces
  7623 | D:6      | Reached XP level 9. HP: 53/68 MP: 11/11
  8287 | D:7      | Reached skill level 12 in Axes
  8830 | D:8      | Found a runed translucent gate.
  8830 | D:8      | Found a runed translucent gate.
  8830 | D:8      | Found a runed translucent gate.
  8831 | D:8      | Paralysed by an orc for 3 turns
  8835 | D:8      | Noticed a cyan ugly thing
  8836 | D:8      | Noticed a red ugly thing
  8837 | D:8      | Noticed a brown ugly thing
  8840 | D:8      | Paralysed by an orc for 2 turns
  8853 | D:8      | Reached skill level 1 in Evocations
  8984 | D:8      | Killed from afar by a steam dragon

Illustrated notes

Levels and vault maps discovered:
D:1:      spicycebolla_green_bress_n_ham_2, layout_rooms,
          shapermc_ecumenical_altar_mp_urbaneastern
D:2:      layout_loops_ring, kennysheep_minor_cross, uniq_natasha, uniq_robin,
          uniq_jessica
D:3:      layout_rooms, chequers_temple_overflow_statue_of_worship,
          chequers_serial_rivers_small_3, kennysheep_generic_room_10,
          uniq_crazy_yiuf_cottage, uniq_ijyb
D:4:      layout_cave_pods, mainiacjoe_overflow_alcove_2,
          mainiacjoe_overflow_chevrons, nicolae_ossuary_entry_ruins,
          gup_sewer_entry_pipe, goddamned_bats, uniq_pikel
D:5:      layout_cave_pods, minmay_temple_entry_grid
D:6:      layout_gridville, serial_shops,
          nicolae_shop_temple_entry_statues_fountains, shop, skrybe_limestone_x,
          chequers_serial_rivers_small_b
D:7:      layout_rooms, lemuel_round_altar
D:8:      layout_cave_pools, mainiacjoe_overflow_paths,
          ploomutoo_gammafunk_ghost_potion_laboratory, minivault_5,
          minmay_shop_grid_forest, lightli_minifort

Skill      XL: |  1  2  3  4  5  6  7  8  9 |
---------------+----------------------------+-----
Axes           | 2 3 4 5 6 8 9 11 12 | 12.7
Fighting       | 3 |  3.5
Evocations     | 2 |  2.0
Armour         | |  2.6
Shields        | |  2.6

Action                   |  1- 3 |  4- 6 |  7- 9 || total
-------------------------+-------+-------+-------++-------
Melee: War axe           |    76 |   232 |   381 ||   689
 Fire: Sling             |    32 |    25 |    47 ||   104
Throw: Dart              |       |     5 |    11 ||    16
       Boomerang         |       |       |    21 ||    21
  Use: Potion            |     1 |       |     1 ||     2
Armor: Scale mail        |    50 |   110 |   104 ||   264
       Chain mail        |       |       |   116 ||   116
Dodge: Dodged            |    39 |   104 |   151 ||   294
Block: Buckler           |    12 |    58 |    86 ||   156

Table legend: (Time is in decaauts)
 A = Elapsed time spent in this place.
 B = Non-inter-level travel time spent in this place.
 C = Inter-level travel time spent in this place.
 D = Time resting spent in this place.
 E = Time spent auto-exploring this place.
 F = Levels seen in this place.
 G = Mean time per level.
                   A        B        C        D        E       F      G
               +--------+--------+--------+--------+--------+-----+--------+
         Total |   9166 |   8714 |    452 |   1820 |   4498 |  10 |  916.6 |
       Dungeon |   8707 |   8255 |    452 |   1820 |   4331 |   8 | 1088.4 |
         Sewer |    263 |    263 |      0 |      0 |    167 |   1 |  263.0 |
       Ossuary |    195 |    195 |      0 |      0 |      0 |   1 |  195.0 |
               +--------+--------+--------+--------+--------+-----+--------+

Top non-repeatable levels by time:
     D:4: 1675 daAuts
     D:6: 1625 daAuts
     D:2: 1506 daAuts
     D:5: 1488 daAuts
     D:1: 955 daAuts
     D:7: 687 daAuts
     D:3: 570 daAuts
   Sewer: 263 daAuts
     D:8: 197 daAuts
 Ossuary: 195 daAuts
